 Dungeon Crawl Stone Soup version 0.21-a0-405-gf2af9a1 (webtiles) character file.

1836 Spazmo the Thaumaturge (level 8, -2/41 HPs)
             Began as a Deep Elf Air Elementalist on Nov 1, 2017.
             Was an Initiate of Vehumet.
             Slain by a sky beast (6 damage)
             ... on level 7 of the Dungeon.
             The game lasted 00:24:00 (5859 turns).

Spazmo the Thaumaturge (Deep Elf Air Elementalist)  Turns: 5859, Time: 00:24:01

Health: -2/41      AC:  5    Str:  5    XL:     8   Next: 87%
Magic:  23/23      EV: 15    Int: 23    God:    Vehumet [......]
Gold:   282        SH:  0    Dex: 15    Spells: 10/25 levels left

rFire    . . .     SeeInvis .   t - +2 quarterstaff (chaos)
rCold    . . .     Gourm    .   (shield currently unavailable)
rNeg     . . .     Faith    .   a - +0 robe
rPois    .         Spirit   .   (no helmet)
rElec    .         Reflect  .   u - +0 cloak
rCorr    .         Harm     .   (no gloves)
MR       .....                  e - +1 pair of boots
Stlth    ++........             (no amulet)
HPRegen  0.13/turn              r - +2 ring of evasion
MPRegen  0.18/turn              (no ring)

@: no status effects
A: no striking features
a: Renounce Religion


You were on level 7 of the Dungeon.
You worshipped Vehumet.
Vehumet was noncommittal.
You were not hungry.

You visited 2 branches of the dungeon, and saw 8 of its levels.
You also visited: Bailey.

You collected 282 gold pieces.

Inventory:

Hand Weapons
 t - a +2 quarterstaff of chaos (weapon)
 y - a +2 short sword of speed
Missiles
 j - 201 stones (quivered)
Armour
 a - a +0 robe (worn)
 e - a +1 pair of boots (worn)
 u - a +0 cloak (worn)
Jewellery
 r - a +2 ring of evasion (left hand)
 E - an uncursed ring of fire
Wands
 A - a wand of flame (31/48)
Scrolls
 d - 3 scrolls of teleportation
 m - 7 scrolls of identify
 v - 2 scrolls of recharging
 C - 2 scrolls of remove curse
Potions
 i - 3 potions of might
 k - a potion of curing
 l - a potion of ambrosia
 n - a potion of resistance {unknown}
 q - a potion of flight
 w - a potion of haste {unknown}
 z - a potion of agility {unknown}
 B - a potion of lignification {unknown}
Books
 b - a book of Air

   Spells                             Type                      Level
   a - Shock                          Conjuration/Air              1
   b - Swiftness                      Charms/Air                   2
   c - Static Discharge               Conjuration/Air              3
   d - Airstrike                      Air                          4
   e - Lightning Bolt                 Conjuration/Air              5
Comestibles
 c - 8 bread rations
 g - 4 royal jellies
 h - 7 meat rations
 o - a fruit


   Skills:
 - Level 3.0 Dodging
 - Level 3.0 Stealth
 + Level 9.0 Spellcasting
 + Level 7.2 Conjurations
 + Level 7.2 Air Magic


You had 10 spell levels left.
You knew the following spells:

 Your Spells              Type           Power        Failure   Level  Hunger
a - Shock                 Conj/Air       ####         1%          1    None
b - Swiftness             Chrm/Air       ####....     2%          2    None
c - Static Discharge      Conj/Air       #####...     1%          3    None
d - Airstrike             Air            #####.....   3%          4    ##.....
e - Lightning Bolt        Conj/Air       #####.....   9%          5    ####...


Dungeon Overview and Level Annotations

Branches:
Dungeon (7/15)             Temple (1/1) D:7

Altars:
Ashenzari
Elyvilon
Fedhas
Kikubaaqudgha
Makhleb
Qazlal
Ru
Sif Muna
Trog
Uskayaw
Vehumet
Wu Jian
The Shining One

Shops:
D:5 }


Message History

The sky beast shocks you.
You sock the sky beast!
The sky beast looks even sicker.
The sky beast is moderately wounded.
The sky beast hits you. The sky beast shocks you.
* * * LOW HITPOINT WARNING * * *
You hit the sky beast.
The sky beast flickers and vanishes!
Deactivating autopickup; reactivate with Ctrl-A.
Something hits you.
* * * LOW HITPOINT WARNING * * *
Something shocks you.
* * * LOW HITPOINT WARNING * * *
Something barely misses you.
You feel much better. Something hits you but does no damage.
You closely miss something. Something hits you but does no damage.
You miss something. Something hits you. Something shocks you.
* * * LOW HITPOINT WARNING * * *
You miss something. Something hits you.
* * * LOW HITPOINT WARNING * * *
Something shocks you.
You die...

### ###### ..# #....#
###.# #.##.#
....#.#.##.# #
######.[#.#.##.###.#####
................@{.>....
#..###..#.#.##.###.#####
#..# #..#.#.##.# #
#..###..#.#.##.#
#..##..<#......#
#..###.####.#### #..#
#......# #..##########
#.........


There were no monsters in sight!

Vanquished Creatures
  The ghost of bombasticus the Covered, a novice MiBe of Trog (D:7)
  Grinder (D:5)
  Eustachio (D:5)
  2 ogres
  2 bullfrogs
  A scorpion (D:5)
  A centaur zombie (D:7)
  2 howler monkeys
  2 crimson imps
  A jelly (D:6)
  3 orc priests
  An orc wizard (D:4)
  Crazy Yiuf (D:3)
  An iguana (D:7)
  3 worker ants
  3 gnolls (D:5)
  8 adders
  An ooze (D:2)
  An adder skeleton (D:7)
  2 dart slugs
  3 worms
  2 leopard geckos
  19 orcs
  7 bats
  6 giant cockroaches
  22 goblins
  12 hobgoblins
  4 jackals
  4 quokkas
  A ball python (D:5)
  6 frilled lizards
  A jackal zombie (D:5)
  11 kobolds
  A leopard gecko skeleton (D:7)
  7 rats
  A fungus (D:3)
145 creatures vanquished.

Notes
Turn   | Place    | Note
-------+----------+-------------------------------------------
     0 | D:1      | Spazmo the Deep Elf Air Elementalist began the quest for the Orb.
     0 | D:1      | Reached XP level 1. HP: 10/10 MP: 6/6
   164 | D:1      | Reached XP level 2. HP: 10/15 MP: 5/8
   168 | D:1      | Learned a level 2 spell: Swiftness
   801 | D:2      | Reached XP level 3. HP: 19/19 MP: 6/9
   814 | D:2      | Learned a level 3 spell: Static Discharge
  1297 | D:2      | Reached XP level 4. HP: 24/24 MP: 8/11
  1303 | D:2      | Learned a level 4 spell: Airstrike
  1340 | D:2      | Found a deep blue altar of Sif Muna.
  1530 | D:3      | Reached skill level 4 in Spellcasting
  1752 | D:3      | Reached XP level 5. HP: 15/28 MP: 1/13
  2002 | D:3      | Found a runed door.
  2053 | D:3      | Noticed Crazy Yiuf
  2056 | D:3      | Killed Crazy Yiuf
  2512 | D:4      | Reached skill level 5 in Spellcasting
  2679 | D:4      | Found a deep blue altar of Sif Muna.
  2752 | D:4      | Found a burning altar of Makhleb.
  2752 | D:4      | Found a sacrificial altar of Ru.
  2757 | D:4      | Found a white marble altar of Elyvilon.
  2759 | D:4      | Found a faded altar of an unknown god.
  2761 | D:4      | Found a glowing golden altar of the Shining One.
  2850 | D:4      | Reached XP level 6. HP: 32/32 MP: 13/15
  3341 | D:5      | Entered Level 5 of the Dungeon
  3538 | D:5      | Reached skill level 6 in Spellcasting
  3538 | D:5      | Reached skill level 5 in Air Magic
  3542 | D:5      | Noticed Grinder
  3545 | D:5      | Paralysed by Grinder for 7 turns
  3617 | D:5      | Killed Grinder
  3617 | D:5      | Reached skill level 5 in Conjurations
  3617 | D:5      | Reached XP level 7. HP: 26/36 MP: 0/18
  3794 | D:5      | Noticed Eustachio
  4016 | D:5      | Found Mevun's Quality Used Wands.
  4132 | D:5      | Killed Eustachio
  4132 | D:5      | Reached skill level 7 in Spellcasting
  4545 | D:5      | Learned a level 5 spell: Lightning Bolt
  4565 | D:6      | Reached XP level 8. HP: 41/41 MP: 16/21
  5165 | D:6      | Found an ancient bone altar of Kikubaaqudgha.
  5309 | D:7      | Noticed bombasticus's ghost (novice MiBe)
  5319 | D:7      | Killed bombasticus's ghost
  5319 | D:7      | Reached skill level 8 in Spellcasting
  5480 | D:7      | Reached skill level 9 in Spellcasting
  5601 | D:7      | Found a flagged portal.
  5601 | D:7      | Found a staircase to the Ecumenical Temple.
  5609 | Temple   | Entered the Ecumenical Temple
  5622 | Temple   | Became a worshipper of Vehumet
  5646 | Bailey   | Entered a bailey
  5648 | Bailey   | Noticed an orc knight
  5855 | D:7      | HP: 1/41 [something (5)]
  5859 | D:7      | Slain by a sky beast

Vault maps used:
D:1:      co_arrival_square_in_a_square_in_a_square, hangedman_feature_mirror
D:2:      lemuel_crystal_altar
D:3:      uniq_crazy_yiuf_cottage
D:4:      chequers_temple_overflow_minitemple, minmay_misc_feat_tiny,
          lemuel_blue_sif_altar
D:5:      corexii_shantytown, first_bread, nicolae_for_you_no_charge,
          uniq_grinder, uniq_sigmund, uniq_eustachio
D:6:      kiku_gazebo_garden_becter
D:7:      grunt_temple_overflow_opulence, temple_statues, enter_bailey_2,
          grunt_ogre_cave
Temple:   dshaligram_water_room_temple
Bailey:   bailey_polearm_4, bailey

Skill      XL: |  1  2  3  4  5  6  7  8 |
---------------+-------------------------+-----
Stealth        | 3 |  3.0
Dodging        | 3 |  3.0
Conjurations   | 2 3 5 7 |  7.2
Spellcasting   | 4 5 6 7 9 |  9.0
Air Magic      | 4 5 7 |  7.2

Action                   |  1- 3 |  4- 6 |  7- 9 || total
-------------------------+-------+-------+-------++-------
Melee: Unarmed           |     9 |     4 |       ||    13
       Short sword       |       |    53 |     4 ||    57
       Quarterstaff      |       |       |     8 ||     8
 Cast: Shock             |    72 |   156 |   124 ||   352
       Static Discharge  |       |     3 |    14 ||    17
       Airstrike         |       |       |     1 ||     1
  Use: Scroll            |     4 |     3 |     4 ||    11
       Potion            |     2 |     2 |     2 ||     6
  Eat: Chunk             |     1 |     7 |     7 ||    15
Armor: Robe              |     4 |     4 |     5 ||    13
Dodge: Dodged            |    11 |    22 |    18 ||    51

Table legend:
 A = Spawn XP
 B = Non-spawn XP
 C = Spawn XP percentage of total XP
 D = Spawn monster count
 E = Non-spawn monster count
 F = Spawn count percentage of total count
 G = Total turns spent on level
                    A         B        C        D         E        F      G
               +---------+---------+-------+---------+---------+-------+---------
         Total |       0 |    2623 |   0.0 |       0 |     144 |   0.0 |  5859
               +---------+---------+-------+---------+---------+-------+---------
           D:1 |       0 |      34 |   0.0 |       0 |      21 |   0.0 |   734
           D:2 |       0 |      63 |   0.0 |       0 |      15 |   0.0 |   687
           D:3 |       0 |     226 |   0.0 |       0 |      34 |   0.0 |  1041
           D:4 |       0 |     205 |   0.0 |       0 |      19 |   0.0 |   995
           D:5 |       0 |     866 |   0.0 |       0 |      35 |   0.0 |  1104
           D:6 |       0 |     369 |   0.0 |       0 |      12 |   0.0 |   747
           D:7 |       0 |     860 |   0.0 |       0 |       8 |   0.0 |   518
               +---------+---------+-------+---------+---------+-------+---------
